 Dungeon Crawl Stone Soup version 0.29-a0-477-g62b78b4225 (webtiles) character file.

Game seed: 15531362749269529653

90 lunkers the Grave Robber (level 4, 0/30 HPs)
             Began as a Vampire Necromancer on May 24, 2022.
             Slain by Grinder (4 damage)
             ... on level 3 of the Dungeon.
             The game lasted 00:02:40 (2227 turns).

lunkers the Grave Robber (Vampire Necromancer)      Turns: 2227, Time: 00:02:41

Health: 0/30       AC:  4    Str:  7    XL:     4   Next: 32%
Magic:  7/8        EV: 13    Int: 19    God:
Gold:   141        SH:  0    Dex: 20    Spells: 7/8 levels left

rFire   . . .      SeeInvis +   e - +0 dagger
rCold   . . .      Faith    .   (no shield)
rNeg    . . .      Spirit   .   a - +0 robe
rPois   .          Reflect  .   i - +0 helmet
rElec   .          Harm     .   (no cloak)
rCorr   .          Rampage  .   (no gloves)
Will    .....                   f - +0 pair of boots
Stlth   +++.......              (no amulet)
HPRegen 0.30/turn               h - +6 ring of dexterity
MPRegen 0.11/turn               (no ring)

@: mighty, healing quickly
A: alive, fangs 3, see invisible, vampiric 2
a: Exsanguinate


You were on level 3 of the Dungeon.
You visited 1 branch of the dungeon, and saw 3 of its levels.

You collected 141 gold pieces.

Inventory:

Hand Weapons
 e - a +0 dagger (weapon)
 q - a +0 dagger of holy wrath
Armour
 a - a +0 robe (worn)
 f - a +0 pair of boots (worn)
 i - a +0 helmet (worn)
Magical Staves
 o - a staff of air
Jewellery
 h - a +6 ring of dexterity (left hand)
Scrolls
 j - 2 scrolls of fog {unknown}
 k - 2 scrolls of noise {unknown}
 l - a scroll of magic mapping {unknown}
 m - a scroll of silence {unknown}
 n - a scroll of enchant armour {unknown}
 p - a scroll of identify
Potions
 b - 3 potions of magic
 c - 2 potions of curing {unknown}
 d - a potion of ambrosia {unknown}
 g - a potion of might


   Skills:
 - Level 2.1 Dodging
 - Level 3.0 Stealth
 + Level 2.9 Spellcasting
 * Level 5.8 Necromancy


You had 7 spell levels left.
You knew the following spells:

 Your Spells              Type           Power      Damage    Failure   Level
a - Necrotize             Necr           100%       1d9       1%          1

Your spell library contained the following spells:

 Spells                   Type           Power      Damage    Failure   Level
 Vampiric Draining        Necr           25%        2d7       4%          3
 Animate Dead             Necr           25%        N/A       14%         4
 Agony                    Necr           25%        N/A       36%         5
 Dazzling Flash           Conj/Hex       4%         N/A       43%         3
 Silence                  Hex/Air        1%         N/A       99%         5


Dungeon Overview and Level Annotations

Branches:
Dungeon (3/15)

Altars:

Annotations:
D:3 Grinder


Innate Abilities, Weirdness & Mutations

Your natural rate of healing is accelerated.
You have razor-sharp teeth.
You have supernaturally acute eyesight. (SInv)
You are afflicted with vampirism and can become a bat while bloodless.


Message History

Lua error: ...ter/crawl-git-62b78b4225/data/dat/clua/automagic.lua:206: Cannot currently process new keys (there is pending input)
A kobold is nearby!
Casting: Necrotize (safe; 1% risk of failure)
Confirm with . or Enter, or press ? or * to list all spells.
The kobold writhes in agony.
You kill the kobold!
The dead are walking!
No target in view!
Grinder comes into view.
You aren't carrying any items that you can evoke.
You aren't carrying any items that you can evoke.
Grinder hits your kobold skeleton.
You see here a +0 dagger of holy wrath.
q - a +0 dagger of holy wrath Your kobold skeleton closely misses Grinder.
Grinder blinks!
Grinder hits you!
You writhe in agony.
* * * LOW HITPOINT WARNING * * *
You aren't carrying any items that you can evoke.
Unknown command.
Okay, then.
You feel very mighty all of a sudden. Grinder gestures at you.
You suddenly lose the ability to move!
Grinder hits you but does no damage.
Grinder says, "Don't move a muscle."
Grinder hits you.
* * * LOW HITPOINT WARNING * * *
Your kobold skeleton hits Grinder.
Grinder hits you.
* * * LOW HITPOINT WARNING * * *
You writhe in agony.
* * * LOW HITPOINT WARNING * * *
You can move again.
Unknown command.
You puncture Grinder!
Grinder is moderately wounded.
Grinder hits you!
* * * LOW HITPOINT WARNING * * *
You writhe in agony.
You die...

###############
............. .#
#.........# #.# .
#.!.......###.#####.
#...................
#####..Z................
#....$.@5.............).
#.###.......$..........#
#..................#
###.#########.######
.... ..............
##..#########..#####
#..# #..# # #..#
#..##### #####.......


You could see Grinder (resistant, ally target) and a friendly kobold skeleton.

Vanquished Creatures
  3 gnolls (D:2)
  2 adders (D:2)
  A dart slug (D:3)
  An endoplasm (D:1)
  2 giant cockroaches
  6 goblins
  3 hobgoblins
  6 kobolds
  4 quokkas
  2 ball pythons (D:1)
  4 bats
  2 frilled lizards (D:1)
  3 rats
39 creatures vanquished.

Vanquished Creatures (collateral kills)
  A hobgoblin (D:1)
  A rat (D:2)
2 creatures vanquished.

Grand Total: 41 creatures vanquished

Notes
Turn   | Place    | Note
-------+----------+-------------------------------------------
     0 | D:1      | lunkers the Vampire Necromancer began the quest for the
                  | Orb.
     0 | D:1      | Reached XP level 1. HP: 13/13 MP: 3/3
   248 | D:1      | Reached XP level 2. HP: 19/19 MP: 1/5
   568 | D:1      | Reached skill level 5 in Necromancy
  1005 | D:2      | Gained mutation: You are afflicted with vampirism and can
                  | become a bat while bloodless. [Vampire growth]
  1005 | D:2      | Reached XP level 3. HP: 24/24 MP: 3/6
  1687 | D:2      | Reached XP level 4. HP: 30/30 MP: 4/8
  1710 | D:2      | Found a faded altar of an unknown god.
  2218 | D:3      | Noticed Grinder
  2223 | D:3      | Paralysed by Grinder for 4 turns
  2227 | D:3      | Slain by Grinder

Illustrated notes

Levels and vault maps discovered:
D:1:      saegor_arrival_simple_c, layout_loops_ring, st_stairs_4
D:2:      layout_basic, ebering_ecumenical_altar_ruins
D:3:      layout_basic, old_standard_altar, uniq_grinder

Skill      XL: |  1  2 |
---------------+-------+-----
Necromancy     | 5 |  5.8
Dodging        | |  2.1
Stealth        | |  3.0
Spellcasting   | |  2.9

Action                   |  1- 3 |  4- 6 || total
-------------------------+-------+-------++-------
Melee: Dagger            |     3 |     1 ||     4
       Bite              |     1 |       ||     1
 Cast: Necrotize         |    60 |    16 ||    76
  Use: Scroll            |     2 |       ||     2
       Potion            |       |     1 ||     1
Armor: Robe              |     2 |     2 ||     4
Dodge: Dodged            |     5 |     1 ||     6

Table legend: (Time is in decaauts)
 A = Elapsed time spent in this place.
 B = Non-inter-level travel time spent in this place.
 C = Inter-level travel time spent in this place.
 D = Time resting spent in this place.
 E = Time spent auto-exploring this place.
 F = Levels seen in this place.
 G = Mean time per level.
                   A        B        C        D        E       F      G
               +--------+--------+--------+--------+--------+-----+--------+
         Total |   2225 |   2137 |     88 |     34 |   1842 |   3 |  741.7 |
       Dungeon |   2225 |   2137 |     88 |     34 |   1842 |   3 |  741.7 |
               +--------+--------+--------+--------+--------+-----+--------+

Top non-repeatable levels by time:
     D:2: 1125 daAuts
     D:1: 909 daAuts
     D:3: 190 daAuts
